 Dungeon Crawl Stone Soup version 0.28.0-47-ge53b351184 (webtiles) character file.

Game seed: 14743867254232912889

147 Revguard the Sneak (level 5, -1/26 HPs)
             Began as a Spriggan Brigand on May 7, 2022.
             Killed by nerve-wracking pain
             ... invoked by a shadow imp
              (13 damage)
             ... on level 6 of the Dungeon.
             The game lasted 00:06:40 (2583 turns).

Revguard the Sneak (Spriggan Brigand)               Turns: 2583, Time: 00:06:41

Health: -1/26      AC:  3    Str:  7    XL:     5   Next: 8%
Magic:  9/9        EV: 17    Int: 12    God:
Gold:   104        SH:  0    Dex: 19    Spells: 8/8 levels left

rFire   . . .      SeeInvis +   l - +3 short sword
rCold   + . .      Faith    .   (no shield)
rNeg    . . .      Spirit   .   b - +0 robe
rPois   .          Reflect  .   (helmet restricted)
rElec   .          Harm     .   c - +0 cloak
rCorr   .          Rampage  .   (gloves unavailable)
Will    .....                   (boots unavailable)
Stlth   ++++......              (no amulet)
HPRegen 0.08/turn               h - ring of protection from cold
MPRegen 0.11/turn               (no ring)

@: very quick
A: very small, no large weapons, unfitting armour, see invisible, speed 3
a: no special abilities


You were on level 6 of the Dungeon.
You visited 1 branch of the dungeon, and saw 4 of its levels.

You collected 104 gold pieces.

Inventory:

Hand Weapons
 a - a +2 dagger
 i - a +0 dagger of draining
 l - a +3 short sword (weapon)
Missiles
 d - 4 poisoned darts
 e - 2 curare-tipped darts (quivered)
Armour
 b - a +0 robe (worn)
 c - a +0 cloak (worn)
Jewellery
 h - a ring of protection from cold (left hand)
 p - an amulet of faith
Wands
 o - a wand of paralysis (12)
Scrolls
 j - a scroll of magic mapping
Potions
 f - a potion of cancellation
 g - a potion of magic
 k - a potion of brilliance {unknown}
 m - 3 potions of might {unknown}
 n - a potion of flight {unknown}
 q - a potion of curing


   Skills:
 + Level 2.0 Fighting
 + Level 2.7 Short Blades
 + Level 2.5 Throwing
 + Level 0.7 Armour
 + Level 2.4 Dodging
 + Level 6.4 Stealth
 * Level 2.4 Spellcasting
 + Level 2.0 Hexes
 + Level 0.0 Evocations


You had 8 spell levels left.
You didn't know any spells.
Your spell library contained the following spells:

 Spells                   Type           Power      Damage    Failure   Level
 Corpse Rot               Necr/Air       2%         N/A       36%         2
 Conjure Flame            Conj/Fire      1%         6-21      61%         3
 Ignite Poison            Fire/Tmut/Pois 1%         N/A       61%         3
 Dispel Undead            Necr           1%         3d6       95%         4
 Sticky Flame             Conj/Fire      1%         2d3       95%         4
 Death Channel            Necr           0%         N/A       100%        6


Dungeon Overview and Level Annotations

Branches:
Dungeon (3/15)

Altars:

Shops:
D:3 !


Innate Abilities, Weirdness & Mutations

You are very small and have problems with some larger weapons.
You are too small for most types of armour.
You have supernaturally acute eyesight. (SInv)
You cover ground extremely quickly. (Speed+++)


Message History

o - a wand of paralysis (12)
Found 16 stones.
You now have 104 gold pieces (gained 11).
You open the door.
There is an open door here.
Found a stone staircase leading down.
A shadow imp comes into view.
Found a scroll labelled QIEPSU NOPHUE.
An orc comes into view. It is wielding a +0 club.
The shadow imp shouts, "Slither hence, thou feckless folly-fallen bloater!"
You hear a shout!
The orc shouts!
You hit the shadow imp but do no damage.
The shadow imp completely misses you.
You hit the shadow imp.
The shadow imp is moderately wounded.
The shadow imp hits you. The orc closely misses you.
An orc warrior comes into view. It is wielding a +0 hand axe.
You hit the shadow imp but do no damage.
The shadow imp is moderately wounded.
The shadow imp completely misses you. The orc misses you.
The shadow imp disappears for a moment.
The shadow imp barely misses you.
You hit the shadow imp.
The shadow imp is heavily wounded.
The shadow imp closely misses you.
You barely miss the shadow imp.
The shadow imp is heavily wounded.
The shadow imp gestures at you. You resist with significant effort.
You barely miss the shadow imp. Your punch misses the shadow imp.
The shadow imp is heavily wounded.
The shadow imp gestures at you. Pain shoots through your body!
Ouch! That really hurt!
You barely miss the shadow imp.
The shadow imp is heavily wounded.
The shadow imp gestures at you. Pain shoots through your body!
Ouch! That really hurt!
You die...

#. #. #.# ####### # #..
##+## #...... #.#.. #
##...###.#####
#...?###.###.....##.#####
#>...o.##.(.....#.##...
####...####..........##.#.
........o5@'.............#.
##.#####o###..........#####
...# ##.......#....# ######
##.....####### ... ##...##
.# ##+##


You could see an orc warrior, a shadow imp and an orc.

Vanquished Creatures
  A centaur skeleton (D:6)
  An orc priest (D:2)
  4 adders
  A dart slug (D:3)
  3 orcs
  3 endoplasms
  3 giant cockroaches
  2 hobgoblins
  4 ball pythons
  6 bats
  4 frilled lizards
  7 goblins
  3 kobolds
  9 rats
51 creatures vanquished.

Notes
Turn   | Place    | Note
-------+----------+-------------------------------------------
     0 | D:1      | Revguard the Spriggan Brigand began the quest for the Orb.
     0 | D:1      | Reached XP level 1. HP: 10/10 MP: 2/2
   549 | D:1      | Reached XP level 2. HP: 14/14 MP: 4/4
   552 | D:1      | Reached skill level 1 in Spellcasting
  1225 | D:2      | Reached skill level 6 in Stealth
  1403 | D:2      | Reached XP level 3. HP: 18/18 MP: 6/6
  1421 | D:2      | Reached skill level 1 in Hexes
  1780 | D:3      | Noticed a phantom
  1794 | D:2      | Reached XP level 4. HP: 7/23 MP: 6/8
  2070 | D:3      | Found Jecot's Distillery.
  2376 | D:3      | You fall into a shaft and drop 3 floors!
  2398 | D:6      | Reached XP level 5. HP: 18/26 MP: 9/9
  2573 | D:6      | Noticed an orc warrior
  2583 | D:6      | Killed from afar by a shadow imp

Illustrated notes

Levels and vault maps discovered:
D:1:      dpeg_arrival_simpleton_a, layout_loops_corners
D:2:      layout_basic
D:3:      layout_basic, serial_shops, nicolae_shop_crystal, grunt_ministairs_1,
          chequers_serial_rivers_micro_d
D:6:      layout_loops_corners, temple_fountains, serial_co_window_serial,
          co_window_paths_a, co_window_of_opportunity_a,
          co_window_of_opportunity_a, co_window_paths_b, co_window_corner_a,
          co_window_unsneaky_path_a, co_window_unsneaky_path_d,
          co_window_broadway_a, co_window_4corner_b, co_window_paths_d,
          glass_columns_b, glass_columns_b, serial_shops,
          nicolae_shop_window_shopping

Skill      XL: |  1  2  3  4 |
---------------+-------------+-----
Spellcasting   | 1 2 |  2.4
Stealth        | 6 |  6.4
Dodging        | 2 |  2.4
Hexes          | 1 2 |  2.0
Fighting       | 2 |  2.0
Short Blades   | |  2.7
Throwing       | |  2.5
Armour         | |  0.7

Action                   |  1- 3 |  4- 6 || total
-------------------------+-------+-------++-------
Melee: Dagger            |    54 |       ||    54
       Short sword       |    24 |    35 ||    59
       Punch             |     1 |       ||     1
Throw: Dart              |    10 |     7 ||    17
  Use: Scroll            |     4 |     2 ||     6
       Potion            |     2 |     1 ||     3
 Stab: Sleeping          |    17 |       ||    17
       Distracted        |       |     1 ||     1
Armor: Robe              |     4 |     4 ||     8
Dodge: Dodged            |    44 |    34 ||    78
